 Dungeon Crawl Stone Soup version 0.28.0-45-g0d030f2227 (webtiles) character file.

Game seed: 2439568208510845746

1381 croobank the Shield-Bearer (level 8, -13/67 HPs)
             Began as a Gnoll Fighter on Apr 4, 2022.
             Mangled by a two-headed ogre
             ... wielding a +0 giant spiked club
              (14 damage)
             ... on level 6 of the Dungeon on Apr 5, 2022.
             The game lasted 00:19:41 (6274 turns).

croobank the Shield-Bearer (Gnoll Fighter)          Turns: 6274, Time: 00:19:42

Health: -13/67     AC: 12    Str: 17    XL:     8   Next: 67%
Magic:  13/13      EV: 10    Int:  8    God:
Gold:   278        SH:  5    Dex: 12    Spells: 13/13 levels left

rFire   . . .      SeeInvis .   a - +0 war axe
rCold   . . .      Faith    .   c - +0 buckler
rNeg    . . .      Spirit   .   b - +0 scale mail
rPois   .          Reflect  .   (no helmet)
rElec   .          Harm     .   w - +0 cloak
rCorr   +          Rampage  .   s - +2 pair of gloves
Will    .....                   (no boots)
Stlth   +.........              (no amulet)
HPRegen 0.21/turn               r - ring of flight
MPRegen 0.13/turn               d - ring of resist corrosion

@: mighty, on berserk cooldown, flying, slowed, very slow
A: fangs 1, strong nose, distributed training
a: no special abilities


You were on level 6 of the Dungeon.
You visited 1 branch of the dungeon, and saw 6 of its levels.

You collected 278 gold pieces.

Inventory:

Hand Weapons
 a - a +0 war axe (weapon)
 f - a +0 hunting sling
 i - a +0 morningstar
 m - a +3 falchion
 A - a +2 vampiric long sword
Missiles
 j - 131 stones (quivered)
 v - 50 bolts
 y - 25 arrows
Armour
 b - a +0 scale mail (worn)
 c - a +0 buckler (worn)
 s - a +2 pair of gloves (worn)
 w - a +0 cloak (worn)
Jewellery
 d - a ring of resist corrosion (right hand)
 k - an amulet of faith
 r - a ring of flight (left hand)
Wands
 u - a wand of acid (2)
Scrolls
 g - 2 scrolls of teleportation
 h - a scroll of fog
Potions
 l - 2 potions of curing
 n - a potion of berserk rage
 o - 2 potions of attraction
 p - a potion of brilliance
 t - 2 potions of flight
 x - a potion of lignification {unknown}
 D - a potion of magic {unknown}


   Skills:
 + Level 7.5 Fighting
 + Level 3.4 Short Blades
 + Level 3.4 Long Blades
 + Level 5.8 Axes
 + Level 3.4 Maces & Flails
 + Level 3.4 Polearms
 + Level 3.4 Staves
 + Level 3.4 Slings
 + Level 3.4 Bows
 + Level 3.4 Crossbows
 + Level 3.4 Throwing
 + Level 7.5 Armour
 + Level 3.4 Dodging
 + Level 3.4 Stealth
 + Level 7.5 Shields
 + Level 3.4 Unarmed Combat
 + Level 3.4 Spellcasting
 + Level 2.8 Conjurations
 + Level 2.8 Hexes
 + Level 2.8 Summonings
 + Level 2.8 Necromancy
 + Level 2.8 Translocations
 + Level 2.8 Transmutations
 + Level 2.8 Fire Magic
 + Level 2.8 Ice Magic
 + Level 2.8 Air Magic
 + Level 2.8 Earth Magic
 + Level 2.8 Poison Magic
 + Level 3.8 Invocations
 + Level 3.4 Evocations


You had 13 spell levels left.
You didn't know any spells.
Your spell library contained the following spells:

 Spells                   Type           Power      Damage    Failure   Level
 Blink                    Tloc           10%        N/A       47%         2
 Corpse Rot               Necr/Air       10%        N/A       47%         2
 Poisonous Vapours        Pois/Air       10%        N/A       47%         2
 Lesser Beckoning         Tloc           5%         N/A       71%         3
 Manifold Assault         Tloc           5%         N/A       100%        5


Dungeon Overview and Level Annotations

Branches:
Dungeon (6/15)
 Temple: D:4-7

Altars:
Dithmenos
Qazlal
Uskayaw
The Shining One

Shops:
D:1 ?


Innate Abilities, Weirdness & Mutations

You have very sharp teeth.
Your uncanny sense of smell can sniff out nearby items.
Your experience applies equally to all skills.


Message History

The scorpion is heavily wounded.
The scorpion barely misses you. The scorpion closely misses you.
You hit the scorpion but do no damage.
The scorpion is heavily wounded.
The scorpion stings you but does no damage.
You barely miss the scorpion.
You bite the scorpion, but do no damage.
The scorpion is heavily wounded.
The scorpion stings you.
You are poisoned.
The scorpion poisons you! You block the scorpion's attack.
Okay, then.
You slash the scorpion!
You kill the scorpion!
You feel very sick.
You start resting.
You feel sick. x6
You are no longer poisoned.
You start resting.
HP restored.
n - 2 potions of berserk rage (gained 1)
The two-headed ogre shouts in stereo!
You feel very mighty all of a sudden.
A red film seems to cover your vision as you go berserk!
You feel yourself moving faster!
You feel mighty!
You slash the two-headed ogre!
The two-headed ogre is moderately wounded.
The two-headed ogre hits you with a +0 giant spiked club!!
The two-headed ogre hits you with a +0 giant club!
You barely miss the two-headed ogre.
The two-headed ogre is moderately wounded.
The two-headed ogre hits you with a +0 giant spiked club!!
You block the two-headed ogre's attack.
You feel a strong urge to attack something.
You feel your anger nearly subside.
You are no longer berserk.
You are exhausted.
You feel yourself slow down.
The two-headed ogre hits you with a +0 giant spiked club!!
* * * LOW HITPOINT WARNING * * *
The two-headed ogre hits you with a +0 giant club!
You die...

#............## +#
#.#####################.##
#.# #...........O........#
#.###.#####.#.#####.....##
#...........#.#....<..#.#
######.######.#.#####.#.#
#.# #.#.#.......# #.#
#O#.###.#.### #.# #@#.#
#.#.# #.# #.#.#
#.#O######## #.# #.#.#
#.#.....O... #.#
#.#†###.##########
#.######.#.....#
#........#.#####
############


You could see a two-headed ogre.

Vanquished Creatures
  A steam dragon (D:6)
  Menkaure (D:6)
  2 sky beasts (D:6)
  A black bear (D:5)
  2 ogres
  A bullfrog (D:5)
  2 scorpions
  A jelly (D:5)
  2 orc priests (D:6)
  2 hounds
  2 iguanas
  Terence (D:2)
  Natasha (thrice) (D:3)
  2 orc wizards
  A hound zombie (D:5)
  5 adders
  A white imp (D:5)
  An adder skeleton (D:5)
  A worm (D:4)
  3 dart slugs
  11 orcs
  7 ball pythons
  3 bats
  7 endoplasms
  6 goblins
  5 hobgoblins
  7 kobolds
  A quokka (D:1)
  4 frilled lizards
  5 rats
91 creatures vanquished.

Vanquished Creatures (others)
  3 plants (D:1)
  A withered plant (D:2)
4 creatures vanquished.

Grand Total: 95 creatures vanquished

Notes
Turn   | Place    | Note
-------+----------+-------------------------------------------
     0 | D:1      | croobank the Gnoll Fighter began the quest for the Orb.
     0 | D:1      | Reached XP level 1. HP: 23/23 MP: 1/1
    12 | D:1      | Found Hibor's Magic Scroll Shoppe.
    81 | D:1      | Reached XP level 2. HP: 28/29 MP: 2/2
   172 | D:1      | Reached XP level 3. HP: 21/35 MP: 3/3
   853 | D:2      | Found a faded altar of an unknown god.
   860 | D:2      | Reached skill level 1 in Invocations
  1219 | D:2      | Noticed Terence
  1229 | D:2      | Killed Terence
  1230 | D:2      | Reached skill level 1 in Short Blades
  1230 | D:2      | Reached skill level 1 in Long Blades
  1230 | D:2      | Reached skill level 1 in Maces & Flails
  1230 | D:2      | Reached skill level 1 in Polearms
  1230 | D:2      | Reached skill level 1 in Staves
  1230 | D:2      | Reached skill level 1 in Slings
  1230 | D:2      | Reached skill level 1 in Bows
  1230 | D:2      | Reached skill level 1 in Crossbows
  1230 | D:2      | Reached skill level 1 in Throwing
  1230 | D:2      | Reached skill level 1 in Dodging
  1230 | D:2      | Reached skill level 1 in Stealth
  1230 | D:2      | Reached skill level 1 in Unarmed Combat
  1230 | D:2      | Reached skill level 1 in Spellcasting
  1230 | D:2      | Reached skill level 1 in Evocations
  1230 | D:2      | Reached XP level 4. HP: 32/41 MP: 5/5
  1740 | D:3      | Reached skill level 1 in Conjurations
  1740 | D:3      | Reached skill level 1 in Hexes
  1740 | D:3      | Reached skill level 1 in Summonings
  1740 | D:3      | Reached skill level 1 in Necromancy
  1740 | D:3      | Reached skill level 1 in Translocations
  1740 | D:3      | Reached skill level 1 in Transmutations
  1740 | D:3      | Reached skill level 1 in Fire Magic
  1740 | D:3      | Reached skill level 1 in Ice Magic
  1740 | D:3      | Reached skill level 1 in Air Magic
  1740 | D:3      | Reached skill level 1 in Earth Magic
  1740 | D:3      | Reached skill level 1 in Poison Magic
  1798 | D:3      | Found a shadowy altar of Dithmenos.
  1922 | D:3      | Found a glowing golden altar of the Shining One.
  2001 | D:3      | Reached XP level 5. HP: 35/47 MP: 5/7
  2359 | D:3      | Noticed Natasha
  2377 | D:3      | Killed Natasha
  2630 | D:3      | Noticed Natasha
  2636 | D:3      | Killed Natasha
  2875 | D:3      | Noticed Natasha
  2880 | D:3      | Killed Natasha
  3015 | D:4      | Found a hide-covered altar of Uskayaw.
  3043 | D:4      | Reached XP level 6. HP: 51/53 MP: 8/8
  3158 | D:5      | Entered Level 5 of the Dungeon
  3379 | D:5      | Reached skill level 5 in Axes
  3385 | D:5      | HP: 2/53 [poisoned by a scorpion]
  3903 | D:5      | Noticed a black bear
  3907 | D:5      | Killed a black bear
  3908 | D:5      | Reached XP level 7. HP: 59/59 MP: 10/10
  4510 | D:6      | Noticed a two-headed ogre
  4858 | D:6      | Noticed a steam dragon
  4879 | D:6      | Killed a steam dragon
  4880 | D:6      | Reached XP level 8. HP: 9/67 MP: 12/12
  5213 | D:6      | Found a stormy altar of Qazlal.
  5838 | D:6      | Noticed Menkaure
  5847 | D:6      | Killed Menkaure
  6274 | D:6      | HP: 1/67 [two-headed ogre/+0 giant spiked club (25)]
  6274 | D:6      | Mangled by a two-headed ogre

Illustrated notes

Levels and vault maps discovered:
D:1:      scummos_arrival_simple_crosswalls, layout_loops_cross, serial_shops,
          shop, minmay_shallow_snake_nest
D:2:      layout_loops_cross, ebering_ecumenical_altar_petrified, uniq_terence
D:3:      layout_basic, mainiacjoe_overflow_surrounded_room,
          nicolae_tso_swordbearing_angel, uniq_natasha
D:4:      layout_loops_cross, eat_drink_and_be_merry_uskayaw, uniq_sigmund
D:5:      layout_rooms
D:6:      layout_basic, nicolae_qazlal_eye_of_the_storm, uniq_menkaure

Skill      XL: |  1  2  3  4  5  6  7 |
---------------+----------------------+-----
Invocations    | 1 2 3 |  3.8
Short Blades   | 1 2 3 |  3.4
Long Blades    | 1 2 3 |  3.4
Maces & Flails | 1 2 3 |  3.4
Polearms       | 1 2 3 |  3.4
Staves         | 1 2 3 |  3.4
Slings         | 1 2 3 |  3.4
Bows           | 1 2 3 |  3.4
Crossbows      | 1 2 3 |  3.4
Throwing       | 1 2 3 |  3.4
Dodging        | 1 2 3 |  3.4
Stealth        | 1 2 3 |  3.4
Unarmed Combat | 1 2 3 |  3.4
Spellcasting   | 1 2 3 |  3.4
Evocations     | 1 2 3 |  3.4
Conjurations   | 1 2 |  2.8
Hexes          | 1 2 |  2.8
Summonings     | 1 2 |  2.8
Necromancy     | 1 2 |  2.8
Translocations | 1 2 |  2.8
Transmutations | 1 2 |  2.8
Fire Magic     | 1 2 |  2.8
Ice Magic      | 1 2 |  2.8
Air Magic      | 1 2 |  2.8
Earth Magic    | 1 2 |  2.8
Poison Magic   | 1 2 |  2.8
Axes           | 5 |  5.8
Fighting       | 7 |  7.5
Armour         | 7 |  7.5
Shields        | 7 |  7.5

Action                   |  1- 3 |  4- 6 |  7- 9 || total
-------------------------+-------+-------+-------++-------
Melee: War axe           |    84 |   135 |   143 ||   362
       Bite              |     4 |    13 |    16 ||    33
Throw: Stone             |       |     3 |       ||     3
Evoke: Wand              |       |     2 |     1 ||     3
  Use: Scroll            |     1 |     7 |     5 ||    13
       Potion            |       |     1 |     5 ||     6
Armor: Scale mail        |    38 |    61 |    91 ||   190
Dodge: Dodged            |    34 |    43 |    63 ||   140
Block: Buckler           |    28 |    35 |    31 ||    94
